Cogmind - Beta 9.3 @@@ ROGUE MODE // 2019.12.29 @ 00:00:09 Player: 3.14 Result: Self-destructed Performance ------------- Evolutions (2) 1000 Regions Visited (5) 1000 Robots Destroyed (23) 115 Value Destroyed (685) 685 Prototype IDs (25) 500 Alien Tech Used (0) 0 Bonus (300) 300 TOTAL SCORE: 3600 Bonus ------- Aligned with FarCom 300 Cogmind --------- Core Integrity 291/550 Matter 73/300 Energy 160/160 System Corruption 0% Temperature Cool (8) Movement Treading (240) Ox4 Location -8/Materials Parts ------- > --- POWER (1) -------- Light Nuclear Core > --- PROPULSION (2) --- Light Treads Aluminum Leg > --- UTILITY (6) ------ Large Storage Unit High-capacity Storage Unit High-capacity Storage Unit Light Armor Plating Medium Insulated Plating > --- WEAPON (2) ------- Autogun > --- INVENTORY (26) --- Cooled Ion Engine Light Treads Lightpack 2.0 Medium Insulated Plating Medium Insulated Plating Medium Insulated Plating Light Assault Rifle Light Assault Rifle Peak State ------------ > --- POWER ------------ Cooled Ion Engine > --- PROPULSION ------- Light Treads Improved Treads > --- UTILITY ---------- Cooling System Large Storage Unit High-capacity Storage Unit High-capacity Storage Unit Light Armor Plating Hardened Light Armor Plating > --- WEAPON ----------- Light Assault Rifle Autogun > --- INVENTORY -------- Cooled Ion Engine Light Treads Light Treads Lightpack 2.0 Light Armor Plating Light Armor Plating Medium Insulated Plating Medium Insulated Plating Light Assault Rifle Light Assault Rifle Grenade Launcher Mini Grenade Launcher [Rating: 21] Favorites ----------- Power Cooled Ion Engine Engine Cooled Ion Engine Power Core Light Nuclear Core Propulsion Light Treads Treads Light Treads Leg Aluminum Leg Utility High-capacity Storage Unit Device Cooling System Storage High-capacity Storage Unit Protection Hardened Light Armor Plating Weapon Light Assault Rifle Energy Gun EM Pulse Gun Ballistic Gun Light Assault Rifle Launcher Grenade Launcher Build | -11 -10 -10 -10 -9 -8 ------- Run | Scr Mat Min Exi Min Mat Slots Evolved 4 | . . . . . 4 Power . | . . . . . . Propulsion . | . . . . . . Utility 4 | . . . . . 4 Weapon . | . . . . . . Parts Attached 35 | 8 . 5 2 4 16 Power 5 | 1 . 2 . . 2 Engine 4 | 1 . 2 . . 1 Core 1 | . . . . . 1 Reactor . | . . . . . . Propulsion 6 | 3 . . . 1 2 Treads 4 | 2 . . . 1 1 Leg 2 | 1 . . . . 1 Wheel . | . . . . . . Hover . | . . . . . . Flight . | . . . . . . Utility 11 | 2 . . 2 . 7 Device 1 | . . . . . 1 Storage 5 | 2 . . 2 . 1 Processor . | . . . . . . Hackware . | . . . . . . Protection 5 | . . . . . 5 Artifact . | . . . . . . Weapon 13 | 2 . 3 . 3 5 Energy Gun 2 | 2 . . . . . Energy Cannon . | . . . . . . Ballistic Gun 8 | . . 3 . 2 3 Ballistic Cannon . | . . . . . . Launcher 3 | . . . . 1 2 Special Weapon . | . . . . . . Impact Weapon . | . . . . . . Slashing Weapon . | . . . . . . Piercing Weapon . | . . . . . . Special Melee Weapon . | . . . . . . Unidentified Prototypes 1 | . . . . . 1 Parts Lost 11 | . . 2 . . 9 Power 2 | . . 1 . . 1 Propulsion 2 | . . . . . 2 Utility 4 | . . . . . 4 Weapon 3 | . . 1 . . 2 Highest Loss Streak 9 | . . 2 . . 9 Average Slot Usage (%) 88 | . 100 84 82 85 92 Engine 4 | . 14 10 . . 7 Treads 23 | . 28 28 28 28 16 Device 2 | . . . . . 7 Storage 26 | . 28 21 25 28 27 Protection 5 | . . . . . 15 Energy Gun 2 | . 28 2 . . . Ballistic Gun 20 | . . 21 28 27 15 Naked Turns . | . . . . . . Heaviest Build 102 | 15 15 19 66 68 102 Greatest Support 43 | 40 40 40 40 43 43 Greatest Overweight (x) 4 | . . . 1 1 4 Average Overweight (x) . | . . . . 1 2 Largest Inventory Capacity 26 | 8 8 8 20 20 26 Average Capacity 18 | 5 8 7 18 20 25 Most Carried 15 | 4 7 8 7 13 15 Average Carried 8 | 2 5 6 5 9 11 Final Capacity 26 | 8 8 4 20 20 26 Final Carried 13 | 4 7 4 7 13 9 Class Distribution -------------------- 74% | Hauler-Mutant 25% | Mutant Dominant Class ---------------- Mutant | -10/Materials Mutant | -10/Mines Hauler-Mutant | -10/Exiles Hauler-Mutant | -9/Mines Hauler-Mutant | -8/Materials Resources | -11 -10 -10 -10 -9 -8 ----------- Run | Scr Mat Min Exi Min Mat Matter Collected 578 | 280 . 40 . 92 166 Remotely . | . . . . . . Salvage Created 538 | 100 . 120 . 12 306 Parts 34 | 2 . 9 . 4 19 Haulers Intercepted 1 | . . . . . 1 Recyclers Shooed 1 | . . . . . 1 Parts Field Recycled . | . . . . . . Retrieved Matter . | . . . . . . Parts Self-Destructed . | . . . . . . Prevented . | . . . . . . Kills | -11 -10 -10 -10 -9 -8 ------- Run | Scr Mat Min Exi Min Mat Combat Hostiles Destroyed 17 | . . 2 . 3 12 Guns 7 | . . 2 . . 5 AOE 10 | . . . . 3 7 Classes Destroyed 7 | 1 . 1 . 2 3 Builder 2 | . . . . 1 1 Hauler 1 | . . . . . 1 Recycler 2 | 1 . . . . 1 Watcher 1 | . . . . . 1 Swarmer 6 | . . . . 3 3 Grunt 9 | . . . . . 9 Sentry 2 | . . 2 . . . Best Kill Streak 10 | 1 . 2 . 4 10 Combat Bots Only 6 | . . 2 . 3 6 Max Kills in Single Turn 3 | 1 . 1 . 1 3 Gunslinging . | . . . . . . Exploded 1 | . . . . 1 1 Melee . | . . . . . . Uniques/NPCs Destroyed . | . . . . . . Combat | -11 -10 -10 -10 -9 -8 -------- Run | Scr Mat Min Exi Min Mat Damage Taken 1979 | . . 611 . 21 1347 Core 396 | . . 137 . . 259 Absorbed by Shields . | . . . . . . Core Remaining (%) 72 | 100 . . . 45 . Volleys Fired 64 | 5 . 11 . 4 44 Largest 2 | 2 . 2 . 1 2 Hottest 80 | 80 . 80 . 30 43 Shots Fired 87 | 10 . 15 . 4 58 Gun 70 | 10 . 15 . . 45 Cannon . | . . . . . . Launcher 17 | . . . . 4 13 Special . | . . . . . . Kinetic 47 | . . 2 . . 45 Thermal . | . . . . . . Explosive 17 | . . . . 4 13 Electromagnetic 23 | 10 . 13 . . . Robot Hit Streak 10 | 9 . 10 . . 9 Robot Miss Streak 3 | 1 . 2 . 1 3 Penetration Max . | . . . . . . Secondary Targets . | . . . . . . Shots Hit Robots 57 | 9 . 10 . . 38 Core Hits 54 | 1 . 4 . 5 44 Critical Hits . | . . . . . . Critical Kills . | . . . . . . Critical Parts Destroyed . | . . . . . . Melee Attacks . | . . . . . . Impact . | . . . . . . Slashing . | . . . . . . Piercing . | . . . . . . Sneak Attacks . | . . . . . . Combat Hostiles . | . . . . . . Follow-up Attacks . | . . . . . . Damage Inflicted 2562 | 103 . 117 . 311 2031 Guns 583 | 103 . 117 . . 363 Cannons . | . . . . . . Explosions 1950 | . . . . 311 1639 Melee . | . . . . . . Ramming 29 | . . . . . 29 Kinetic 363 | . . . . . 363 Thermal 113 | . . . . . 113 Explosive 1837 | . . . . 311 1526 Electromagnetic 220 | 103 . 117 . . . Impact . | . . . . . . Slashing . | . . . . . . Piercing . | . . . . . . Highest Corruption . | . . . . . . Average Corruption . | . . . . . . Corruption Purged . | . . . . . . Overload Shots . | . . . . . . Overflow Damage 111 | . . . . 8 103 Projectiles . | . . . . . . Explosions 111 | . . . . 8 103 Melee . | . . . . . . Knockbacks . | . . . . . . Impact . | . . . . . . Kinetic . | . . . . . . Secondary . | . . . . . . Self-Inflicted Damage 245 | . . . . . 245 Shots 6 | . . . . . 6 Rammed 5 | . . . . . 5 Targets Rammed 5 | . . . . . 5 Kicked . | . . . . . . Crushed . | . . . . . . Highest Temperature 148 | 54 . 148 . . 25 Average Temperature 48 | 23 . 92 . . 10 Received Heat Transfer 599 | . . 131 . . 468 Siege Activations . | . . . . . . Robots Corrupted 1 | 1 . . . . . Combat Hostiles . | . . . . . . Parts Fried 2 | 1 . 1 . . . Impact Corruptions . | . . . . . . Robots Melted . | . . . . . . Combat Hostiles . | . . . . . . Parts Melted . | . . . . . . Heat Transferred 100 | . . . . . 100 Parts Sabotaged . | . . . . . . Parts Stolen . | . . . . . . Parts Stripped . | . . . . . . Power Chain Reactions . | . . . . . . Missiles Intercepted . | . . . . . . Alert | -11 -10 -10 -10 -9 -8 ------- Run | Scr Mat Min Exi Min Mat Peak Influence 348 | 5 17 56 . 75 348 Average Influence 52 | 1 14 40 . 36 81 Maximum Alert Level 1 | . . . . . 1 Low Security (%) 92 | 100 100 100 . 100 84 Level 1 7 | . . . . . 15 Level 2 . | . . . . . . Level 3 . | . . . . . . Level 4 . | . . . . . . Level 5 . | . . . . . . High Security . | . . . . . . Max Security . | . . . . . . Squads Dispatched 3 | . . . . . 3 Investigation . | . . . . . . Extermination . | . . . . . . Reinforcement 3 | . . . . . 3 Assault . | . . . . . . Garrison . | . . . . . . Intercept . | . . . . . . Construction Impeded 1 | . . . . . 1 Haulers Reinforced . | . . . . . . Stealth | -11 -10 -10 -10 -9 -8 --------- Run | Scr Mat Min Exi Min Mat Distress Signals 5 | . . . . . 5 Communications Jammed . | . . . . . . Distress Signals . | . . . . . . Times Spotted 49 | . . 20 . 3 26 Peak Tracking Total 15 | . . 15 . 3 9 Tactical Retreats 7 | . . 2 . 1 4 Traps | -11 -10 -10 -10 -9 -8 ------- Run | Scr Mat Min Exi Min Mat Traps Triggered . | . . . . . . Indirectly . | . . . . . . Trap Hack Attempts . | . . . . . . Triggered . | . . . . . . Disarmed . | . . . . . . Reprogrammed . | . . . . . . Reused . | . . . . . . Traps Extracted . | . . . . . . Installed . | . . . . . . Triggered . | . . . . . . Machines | -11 -10 -10 -10 -9 -8 ---------- Run | Scr Mat Min Exi Min Mat Machines Disabled 7 | . . 1 . . 6 Max in Single Turn 4 | . . 1 . . 4 Machines Sabotaged . | . . . . . . Garrisons Compromised . | . . . . . . Overloaded Fab Kills . | . . . . . . Fab Network Shutdowns . | . . . . . . Hacking | -11 -10 -10 -10 -9 -8 --------- Run | Scr Mat Min Exi Min Mat Machines Accessed 3 | . 2 . 1 . . Terminals 2 | . 2 . . . . Fabricators . | . . . . . . Repair Stations . | . . . . . . Recycling Units . | . . . . . . Scanalyzers . | . . . . . . Garrison Access . | . . . . . . Total Hacks 11 | . 10 . 1 . . Successful 7 | . 6 . 1 . . Failed 4 | . 4 . . . . Catastrophic 1 | . 1 . . . . Database Lockouts . | . . . . . . Manual 9 | . 8 . 1 . . Terminals 10 | . 10 . . . . Fabricators . | . . . . . . Repair Stations . | . . . . . . Recycling Units . | . . . . . . Scanalyzers . | . . . . . . Garrison Access . | . . . . . . Terminal Hacks 5 | . 4 . 1 . . Record 1 | . 1 . . . . Robot Analysis 2 | . 2 . . . . Prototype ID Bank 1 | . 1 . . . . EX-Prototype ID Bank 1 | . . . 1 . . Fabricator Hacks . | . . . . . . Repair Station Hacks . | . . . . . . Recycling Unit Hacks . | . . . . . . Scanalyzer . | . . . . . . Garrison Access Hacks . | . . . . . . Unauthorized Hacks 5 | . 5 . . . . Terminals 2 | . 2 . . . . Botnet 2 | . 2 . . . . Fabricators . | . . . . . . Repair Stations . | . . . . . . Recycling Units . | . . . . . . Scanalyzers . | . . . . . . Garrison Access . | . . . . . . Data Cores Recovered . | . . . . . . Used . | . . . . . . Hacking Detections 2 | . 2 . . . . Full Trace Events 1 | . 1 . . . . Feedback Events . | . . . . . . Feedback Blocked . | . . . . . . Robot Schematics Acquired . | . . . . . . Robots Built . | . . . . . . Matter . | . . . . . . Time . | . . . . . . Total Robot Build Rating . | . . . . . . Part Schematics Acquired . | . . . . . . Parts Built . | . . . . . . Matter . | . . . . . . Time . | . . . . . . Total Part Build Rating . | . . . . . . Parts Repaired . | . . . . . . Time . | . . . . . . Parts Recycled . | . . . . . . Recycled Matter . | . . . . . . Retrieved Matter . | . . . . . . Retrieved Components . | . . . . . . Parts Scanalyzed . | . . . . . . Part Schematics Acquired . | . . . . . . Parts Damaged . | . . . . . . Bothacking | -11 -10 -10 -10 -9 -8 ------------ Run | Scr Mat Min Exi Min Mat Used RIF Installer . | . . . . . . Robots Hacked . | . . . . . . Non-combat . | . . . . . . Combat . | . . . . . . Robot Hacks Applied . | . . . . . . Relay Couplers Released . | . . . . . . Robots Rewired . | . . . . . . Allies Hacked . | . . . . . . Hacks Repelled . | . . . . . . Allies | -11 -10 -10 -10 -9 -8 -------- Run | Scr Mat Min Exi Min Mat Total Allies . | . . . . . . Largest Group . | . . . . . . Highest-Rated Group . | . . . . . . Highest-Rated Ally . | . . . . . . Total Orders . | . . . . . . Ally Attacks . | . . . . . . Total Damage . | . . . . . . Kills . | . . . . . . Allies Corrupted . | . . . . . . Allies Melted . | . . . . . . Intel | -11 -10 -10 -10 -9 -8 ------- Run | Scr Mat Min Exi Min Mat Robot Analysis Total 2 | . 2 . . . . Derelict Logs Recovered 1 | . . . . 1 . Drone Launches . | . . . . . . Drone Recoveries . | . . . . . . Exploration | -11 -10 -10 -10 -9 -8 ------------- Run | Scr Mat Min Exi Min Mat Turns Passed 1795 | 122 107 196 411 324 635 Spaces Moved 830 | 60 66 157 283 171 93 Core 169 | 1 . 90 78 . . Treads 654 | 52 66 67 205 171 93 Legs 7 | 7 . . . . . Wheels . | . . . . . . Hover . | . . . . . . Flight . | . . . . . . Fastest Speed 50 | 50 160 50 50 180 200 Average Speed 151 | 153 160 96 144 180 209 Slowest Speed 240 | 160 160 160 180 180 240 Overloaded Moves . | . . . . . . Propulsion Burnouts . | . . . . . . Robots Hopped . | . . . . . . Cave-ins Triggered . | . . . . . . Exploration Rate (%) 32 | 4 17 36 70 51 15 Regions Visited 5 Branch Regions 3 Pre-discovered Areas . | . . . . . . Known Exits Taken . | . . . . . . Unknown Exits Taken 5 | 1 1 1 1 1 . Scrap Searched 2 | . . . . 2 . Spaces Dug . | . . . . . . Terrain Destroyed 93 | . . . . 41 52 Melee . | . . . . . . Projectile . | . . . . . . AOE 93 | . . . . 41 52 Actions | -11 -10 -10 -10 -9 -8 --------- Run | Scr Mat Min Exi Min Mat Total 1275 | 76 68 188 286 182 475 Wait 310 | . . . . . 310 Move 825 | 59 65 156 282 170 93 Hop . | . . . . . . Pick Up 25 | 4 3 6 2 4 6 Fast Attach 16 | 7 . 4 2 . 3 Attach 11 | . . 1 . . 10 Detach . | . . . . . . Swap 8 | 1 . . . 4 3 Drop 11 | . . 10 . . 1 Fire 64 | 5 . 11 . 4 44 Melee . | . . . . . . Ram . | . . . . . . Kick . | . . . . . . Crush 5 | . . . . . 5 Escape Stasis . | . . . . . . Rewire . | . . . . . . Trap . | . . . . . . Miscellaneous . | . . . . . . Route ------- -11/Scrapyard -10/Materials -10/Mines -10/Exiles (discovered 2 exits: [*Min x2]) -9/Mines -8/Materials History --------- Turn | Location | Event 25 | -11/Scrapyard | Discovered new exit (range 16) 123 | -11/Scrapyard | Entered Materials 197 | -10/Materials | Discovered new exit (range 7) 230 | -10/Materials | Entered Mines 237 | -10/Mines | Met a Derelict bent on vengeance 315 | -10/Mines | Build established: Mutant 346 | -10/Mines | Assembled infested the area 405 | -10/Mines | Core integrity fell below 50% 424 | -10/Mines | Deemed a non-threat by the Exiles lab entrance 424 | -10/Mines | Discovered new exit (range 5) 426 | -10/Mines | Entered Exiles 433 | -10/Exiles | Discovered new exit (range 15) 439 | -10/Exiles | Met 8R-AWN 447 | -10/Exiles | Met EX-HEX 505 | -10/Exiles | Met EX-DEC 556 | -10/Exiles | Met EX-BIN 595 | -10/Exiles | Aligned with FarCom system 597 | -10/Exiles | Given EX-Vault access code 638 | -10/Exiles | Opened EX-Vault 651 | -10/Exiles | Found Lightpack 2.0 692 | -10/Exiles | Warned to stay clear of 0b10 Research branches 775 | -10/Exiles | Build established: Hauler-Mutant 819 | -10/Exiles | Discovered new exit (range 10) 837 | -10/Exiles | Left Exiles lab with Lightpack 2.0 837 | -10/Exiles | Entered Mines 915 | -9/Mines | Learned 4 Materials zone layouts 1108 | -9/Mines | Discovered new exit (range 11) 1161 | -9/Mines | Entered Materials 1161 | -8/Materials | Evolved 4 slots: Utility x4 1756 | -8/Materials | Lost 9 parts (1p2n4u2w) 1796 | -8/Materials | Self-destructed Last Messages --------------- 01780_ K-01 Serf collects debris. 01780_ U-05 Engineer lays Concrete. 01783_ K-01 Serf collects debris. 01783_ K-01 Serf cleans the Terminal. 01783_ U-05 Engineer lays Concrete. 01783_ Slammed into G-47 Trooper. 01784_ K-01 Serf collects debris. 01784_ U-05 Engineer lays Concrete. 01786_ Slammed into G-47 Trooper. 01786_ K-01 Serf cleans the Terminal. 01786_ U-05 Engineer lays Concrete. 01786_ K-01 Serf collects debris. 01787_ U-05 Engineer lays Concrete. 01788_ Slammed into G-47 Trooper. 01788_ U-05 Engineer builds a Wall. 01789_ U-05 Engineer lays Concrete. 01789_ K-01 Serf collects debris. 01790_ U-05 Engineer lays Concrete. 01790_ K-01 Serf collects debris. 01790_ Slammed into G-47 Trooper. Map ----- +----------------------------------------------------+ | ??????????# #?????????????????????????????? | | #?????????# """ #?????????????????????????????? | | #?????????# """ #?????????????????????????????? | | #?????????# """ #?????????????????????????????? | | ########### +?????????????????????????????? | | # """ # """ #?????????????????????????????? | | # """"" # """ #?????????????????????????????? | | # """"" # """ #?????????????????????????????? | | # """"" # #?????????????????????????????? | | # """ ##########?????????????????????????????? | | # #????????#?????????????????????????????? | | # #????????#?????????????????????????????? | | # #???????##?????????????????????????????? | | ########+########## ?????????????????????????????? | | ?????????????????????????????? | | ?Y???????????????????????????? | | ????????? ???????????????? #?? | | ????????????????????????#####+#####??????????? #?? | | ????????????????????????# #?????????? #?? | | ????????????????????????# s #?######### #?? | | ????????????????????????# * ?? g ??? | | ????????????????????????# ??## #### | | ????????????????????????# """ """ ### g g # | | ????????????????????????# """ """ ## " # | | ????????????????????????#g""" """ ## " # | | ???????????????#####???##@sus ## " # | | ?????????????### #####s######### # | | ?????????? C! ##?????# # ### | | ?????????? ^ ########## # | | ?????????? T # # # | | ???????????#+### ! # # | | ???????????????#### # #"% + | | ??????????????????# # #T # | | ?????????????????# = / #" """ # | | ?????????????????# # #" """ # | | ?????????????????# w # #" """ # | | ?????????????????## # ! # # | | ?????????????????# ## ############## | | ?????????????????##= ""#####????????????# | | ??????????????????# """ T"?????????????????# | | ??????????????????# """ ""?????????????????# | | ??????????????????# """ ###????????????????# | | ??????????????????# ? /???????????????????# | | ??????????????????+ ?? ???????????????????# | | ??????????????????????+###/#???????????????????# | | ?????????????????????????? ????????????????????### | | ?????????????????????????? ?????????????????????# | | ????????????????????????????????????????????????# | | ????????????????????????????????????????????????#! | | ????????????????????????????????????????????????#! | +----------------------------------------------------+ Best States ------------- Heat Dissipation 53 Energy Generation 14 Energy Capacity 280 Matter Stores 300 Matter Capacity 300 Sight Range 16 Terrain Scan Density 10 Armor Coverage 375 Resistance: EM 20 Evasion (%) 50 Recoil Reduction 2 Item Schematics ----------------- None Robot Schematics ------------------ None Fabricated ------------ Nothing Alien Tech Used ----------------- None Achievements -------------- None Challenges ------------ None Game ------ Seed CoordinationMassNukerbomber Manual? 0 Play Time 00:11:59 Cumulative 412.6 hours Start 2019.12.28 @ 23:20:15 End 2019.12.29 @ 00:00:09 Sessions 1 Manual Loads 0 Difficulty Rogue Special Mode None Game No. 729 Rogue 729 Adventurer 0 Explorer 0 Win Type - Total 29 Types 22/0/3/3/1/0/0 Lore% 93 Gallery% 91 Achievement% 80 Wizard Run 0 Options --------- ASCII 1 Keyboard 0 Movement Numpad Keybinds 0 Fullscreen 0 Font 14/SmallcapsGlow Map View 76x50 Tactical HUD 1 Map Filters NONE Filters NONE Steam 1 RUN: f79519e8-804a-4f05-8d41-fbd8f0fd109e